 Dungeon Crawl Stone Soup version 0.18-a0-888-gdb73dea (webtiles) character file.

114 filipzpl the Skirmisher (level 4, -3/30 HPs)
             Began as a Gargoyle Berserker on Dec 23, 2015.
             Was a Believer of Trog.
             Killed by divine providence
             ... invoked by an orc priest
              (10 damage)
             ... on level 3 of the Dungeon.
             The game lasted 00:07:52 (1559 turns).

filipzpl the Skirmisher (Gargoyle Berserker)        Turns: 1559, Time: 00:07:52

Health: -3/30      AC: 10    Str: 22    XL:     4   Next: 97%
Magic:  4/4        EV: 10    Int:  7    God:    Trog [**....]
Gold:   61         SH:  0    Dex:  9    Spells: 0 memorised, 3 levels left

rFire  . . .     SeeInvis .     a - +0 mace
rCold  . . .     Gourm    .     g - +0 scale mail
rNeg   + . .     Faith    .     (no shield)
rPois  ∞         Spirit   .     (no helmet)
rElec  +         Dismiss  .     (no cloak)
rCorr  .         Reflect  .     (no gloves)
SustAt .         Harm     .     (no boots)
MR     .....                    (no amulet)
Stlth  ..........               (no ring)
                                f - ring of poison resistance

@: not resistant to hostile enchantments, extremely unstealthy
A: negative energy resistance 1, electricity resistance, unbreathing,
petrification resistance, rot immunity, AC +3
a: Berserk, Trog's Hand, Burn Spellbooks, Renounce Religion


You were on level 3 of the Dungeon.
You worshipped Trog.
Trog was pleased with you.
You were not hungry.

You visited 1 branch of the dungeon, and saw 3 of its levels.

You collected 61 gold pieces.

Inventory:

Hand Weapons
 a - a +0 mace (weapon)
Armour
 g - a +0 scale mail (worn)
Jewellery
 f - a ring of poison resistance (left hand)
Wands
 m - a wand of confusion (24/48)
Scrolls
 b - a scroll of enchant armour {unknown}
 h - 2 scrolls of identify
 k - 2 scrolls of fog
 l - a scroll of fear {unknown}
Potions
 d - 2 potions of flight
 e - 2 potions of cancellation {unknown}
 i - 2 potions of curing {unknown}
Comestibles
 c - 2 bread rations


   Skills:
 * Level 4.7 Fighting
 * Level 4.4 Maces & Flails
 - Level 2.3 Armour
 - Level 1.6 Dodging


You had 3 spell levels left.
You didn't know any spells.

Dungeon Overview and Level Annotations

Branches:
Dungeon (3/15)

Altars:


Innate Abilities, Weirdness & Mutations

You are resistant to torment.
Your stone body is resilient (AC +3).
You are immune to poison.
You resist negative energy.
You are resistant to electric shocks.
You can survive without breathing.
You are immune to petrification.
You are immune to rotting.


Message History

The puff of flame misses you.
You sock the orc!
The orc is severely wounded.
The orc priest miscasts a cantrip.
Something hits you.
You miss something.
The orc wizard casts a spell.
The orc wizard blinks!
The orc priest calls down the wrath of Beogh upon you.
Something smites you!
Ouch! That really hurt!
The orc hits you.
* * * LOW HITPOINT WARNING * * *
Something hits you but does no damage.
There are monsters nearby!
Something hits you but does no damage.
The orc priest casts a cantrip, but nothing happens.
The orc priest mumbles some strange prayers to Beogh against you.
Something smites you!
You die...

#.# ....# #$#
..... #.# .....#
#%###o....#
#.#o.o....>
#####.#S#
#......o#
####.###.#.#
#......@...#
#.##.###.#.# #
#)#.# .#
#.#.#######..#
..#..........#
##.#####........
..........####.#
#........# #.#
#######..# #.#


You could see an orc priest, an orc wizard, an adder and 2 orcs.

Vanquished Creatures
  A crimson imp (D:3)
  4 adders
  A giant gecko (D:2)
  A ball python (D:1)
  9 goblins
  8 hobgoblins
  10 kobolds
  6 bats
  3 giant cockroaches
  5 giant newts
  6 rats
54 creatures vanquished.

Notes
Turn   | Place    | Note
--------------------------------------------------------------
     0 | D:1      | filipzpl the Gargoyle Berserker began the quest for the Orb.
     0 | D:1      | Reached XP level 1. HP: 14/14 MP: 1/1
    55 | D:1      | Reached XP level 2. HP: 10/19 MP: 2/2
   309 | D:1      | Reached ** piety under Trog
   456 | D:1      | Reached XP level 3. HP: 16/24 MP: 3/3
  1087 | D:2      | Reached skill level 4 in Fighting
  1178 | D:2      | Reached XP level 4. HP: 29/29 MP: 4/4
  1559 | D:3      | Killed from afar by an orc priest

Vault maps used:
D:1:      lightli_arrival_lavapool
D:3:      first_bread, tso_metal_star

Action                   |  1- 3 |  4- 6 || total
-------------------------+-------+-------++-------
Melee: Mace              |   124 |    53 ||   177
  Use: Scroll            |     1 |     4 ||     5
  Eat: Meat ration       |       |     1 ||     1
